Map: Prion Terraces

Players

GAMETIME

  • Race: Zerg Zerg
  • League: Grandmaster

Pokebunny - Winner!

  • Race: Terran Terran
  • League: Grandmaster

VOD

Have the link to the VOD?

Description

Time

  • Played on: April 6, 2016, 2 p.m.
  • Length: 10:41
Show
View Real Time Build Order
Export as new Build Order

GAMETIME Zerg 

Build Orders: Hatch First 

Get SALT Encoding   

  12  0:00  Drone  
  13  0:07  Drone  
  14  0:17  Overlord  
  14  0:22  Extractor  
  14  0:23  Drone  
  15  0:35  Drone  
  15  0:36  Drone  
  17  0:52  Hatchery  
  17  0:55  Drone  
  17  0:59  Drone  
  18  1:05  Extractor  
  17  1:13  Spawning Pool  
  17  1:17  Drone  
  17  1:19  Drone  
  18  1:27  Drone  
  19  1:38  Overlord  
  19  2:00  Queen  
  21  2:01  Zergling x2  
  21  2:02  Zergling x2  
  21  2:03  Queen  
  21  2:04  Zergling x2  
  26  2:09  Metabolic Boost  
  26  2:13  Drone  
  27  2:16  Drone  
  27  2:20  Drone  
  29  2:25  Drone  
  30  2:30  Spore Crawler  
  30  2:31  Drone  
  30  2:40  Queen  
  30  2:42  Overlord  
  30  2:43  Drone  
  32  2:48  Drone  
  33  2:54  Drone  
  34  3:00  Drone  
  34  3:02  Lair  
  34  3:03  Drone  
  36  3:08  Drone  
  36  3:10  Overlord  
  36  3:11  Drone x2  
  39  3:15  Drone  
  39  3:16  Drone  
  39  3:17  Drone  
  42  3:25  Drone  
  43  3:30  Drone x2  
  44  3:39  Roach Warren  
  44  3:40  Evolution Chamber  
  44  3:41  Drone x3  
  44  3:43  Drone x2, Extractor  
  45  3:52  Drone x4  
  45  3:54  Overlord  
  49  3:59  Extractor  
  48  4:06  Hatchery  
  48  4:09  Extractor  
  46  4:12  Spire  
  46  4:13  Drone  
  46  4:21  Overlord  
  46  4:22  Zergling x10  
  51  4:27  Zerg Missile Weapons Level 1  
  51  4:35  Glial Reconstitution  
  51  4:38  Drone x5  
  55  4:41  Overlord  
  56  4:50  Overlord  
  56  4:53  Drone  
  56  4:55  Drone  
  56  4:58  Drone  
  59  5:04  Drone x5  
  64  5:09  Overlord  
  64  5:10  Overlord  
  64  5:17  Roach  
  64  5:18  Roach  
  64  5:19  Roach  
  70  5:28  Roach x3  
  76  5:29  Roach  
  76  5:30  Roach x2  
  76  5:32  Overlord  
  76  5:34  Roach  
  84  5:36  Roach  
  84  5:38  Ravager  
  84  5:39  Roach, Ravager  
  84  5:41  Roach  
  94  5:43  Roach  
  92  5:54  Roach  
  92  5:56  Roach  
  88  6:00  Roach  
  88  6:01  Roach  
  85  6:04  Roach  
  85  6:07  Overlord  
  79  6:12  Roach x4  
  79  6:16  Roach  
  79  6:17  Tunneling Claws  
  87  6:18  Burrow  
  87  6:19  Roach  
  87  6:21  Roach  
  91  6:29  Roach  
  91  6:30  Roach x2  
  98  6:32  Ravager  
  97  6:41  Hatchery  
  97  6:44  Roach  
  98  6:48  Roach  
  98  6:49  Roach  
  102  6:57  Roach x2  
  90  7:02  Roach x2  
  90  7:03  Roach  
  90  7:04  Roach  
  90  7:07  Roach  
  77  7:09  Roach  
  77  7:11  Roach  
  79  7:16  Roach  
  79  7:17  Roach, Ravager  
  79  7:18  Ravager  
  79  7:19  Ravager  
  79  7:20  Ravager  
  86  7:25  Ravager  
  86  7:26  Roach x18  
  91  7:30  Roach  
  91  7:34  Roach  
  91  7:35  Roach  
  97  7:41  Roach  
  97  7:43  Roach  
  101  7:44  Roach x11  
  85  7:51  Roach x2  
  85  7:52  Roach  
  85  7:56  Roach  
  93  8:04  Roach  
  91  8:05  Roach x7  
  91  8:07  Roach  
  91  8:12  Roach  
  83  8:13  Roach  
  85  8:20  Corruptor  
  87  8:27  Corruptor  
  87  8:29  Roach x7  
  87  8:30  Corruptor  
  91  8:37  Corruptor  
  91  8:39  Overlord  
  93  8:42  Roach  
  93  8:44  Roach  
  93  8:47  Roach  
  99  8:50  Roach  
  99  8:52  Roach  
  99  8:54  Roach  
  99  8:55  Roach  
  105  8:58  Roach  
  105  9:02  Roach  
  109  9:06  Roach  
  109  9:09  Roach x2  
  115  9:11  Roach  
  115  9:12  Roach x6  
  115  9:16  Roach  
  117  9:19  Corruptor  
  117  9:23  Overlord  
  119  9:26  Overlord  
  119  9:35  Roach  
  121  9:42  Roach  
  121  9:43  Corruptor  
  123  9:46  Corruptor  
  123  9:47  Roach  
  123  9:48  Roach x2  
  123  9:50  Roach  
  133  9:53  Roach  
  133  9:56  Overlord  
  133  9:59  Roach  
  137  10:02  Roach  
  137  10:04  Overlord  
  137  10:05  Overlord  
  137  10:16  Roach x4  
Show
View Real Time Build Order
Export as new Build Order

Pokebunny Terran - Winner!

Build Orders: Reaper Expand, MMM Bio 

Get SALT Encoding   

  12  0:00  SCV  
  13  0:12  SCV  
  14  0:17  Supply Depot  
  14  0:25  SCV  
  15  0:39  Barracks, SCV  
  16  0:44  Refinery  
  16  0:52  SCV  
  17  1:04  SCV  
  18  1:17  SCV  
  19  1:28  Reaper  
  19  1:29  Orbital Command  
  20  1:39  Command Center  
  20  1:49  Supply Depot  
  20  1:55  SCV  
  20  2:00  Barracks Reactor  
  21  2:03  Barracks  
  21  2:08  SCV  
  22  2:16  Barracks  
  22  2:20  SCV  
  22  2:21  Refinery  
  23  2:35  SCV  
  24  2:40  Marine x2  
  26  2:45  Factory  
  26  2:47  SCV  
  27  2:51  Orbital Command  
  26  3:00  Marine, Barracks Tech Lab  
  26  3:03  Marine  
  26  3:05  Marine  
  29  3:08  SCV  
  30  3:18  SCV  
  31  3:21  SCV, Stimpack  
  31  3:25  Marine x2  
  33  3:32  Supply Depot  
  33  3:33  Supply Depot  
  32  3:38  Engineering Bay  
  32  3:46  Starport  
  32  3:47  Factory Reactor  
  32  3:52  SCV x2  
  32  3:55  Marine  
  35  4:01  Marine x3  
  38  4:07  Terran Infantry Weapons Level 1  
  38  4:10  SCV x2  
  38  4:16  Marine  
  41  4:18  Marine  
  41  4:19  Marine  
  41  4:22  SCV x2  
  45  4:27  Marine  
  45  4:30  Medivac x2  
  50  4:36  SCV x2  
  52  4:39  Marine x2  
  52  4:40  Factory Tech Lab, Marine  
  52  4:43  Supply Depot  
  55  4:52  Marine  
  56  4:58  Barracks  
  56  4:59  Barracks  
  56  5:04  Marine  
  56  5:05  Marine x2  
  59  5:08  SCV  
  59  5:09  Marine, SCV  
  62  5:22  Siege Tank, Combat Shields  
  62  5:24  Bunker  
  62  5:25  Supply Depot  
  62  5:27  Marine x3, Barracks Reactor, Supply Depot  
  68  5:29  SCV x2  
  68  5:59  Marine x4  
  68  6:00  Siege Tank, Marine  
  68  6:02  SCV  
  68  6:03  SCV  
  78  6:04  Refinery  
  78  6:06  Supply Depot x2, Marine x2  
  80  6:12  Medivac  
  82  6:21  Supply Depot x2  
  82  6:26  Marine  
  82  6:27  Marine x5  
  82  6:31  Marine  
  89  6:35  Command Center  
  89  6:36  Siege Tank  
  89  6:37  Bunker  
  92  6:44  Marine x2  
  92  6:45  Marine  
  92  6:46  Marine  
  96  6:55  Bunker  
  87  7:05  Marine x2  
  87  7:06  Marine  
  73  7:09  Marine  
  73  7:10  Marine x2  
  73  7:14  Marine  
  75  7:16  Siege Tank, Liberator, SCV x2  
  75  7:22  Supply Depot  
  80  7:23  Marine x3  
  80  7:26  Medivac  
  80  7:27  Marine x2  
  80  7:28  Marine  
  91  7:38  Marine  
  91  7:41  Marine x3  
  95  7:51  Marine x3  
  88  7:53  Siege Tank  
  88  7:56  Marine  
  95  7:59  Marine x3  
  90  8:09  Marine x2  
  90  8:12  Marine  
  83  8:14  Marine  
  83  8:16  Marine  
  83  8:17  Marine  
  83  8:18  Medivac x2  
  90  8:22  Marine  
  90  8:26  Marine  
  90  8:27  Refinery, Marine  
  90  8:30  Marine  
  90  8:31  Armory  
  90  8:32  Marauder  
  90  8:33  Engineering Bay  
  95  8:37  Marine x2  
  95  8:38  Orbital Command  
  95  8:39  SCV x2  
  99  8:49  Marine x4  
  99  8:51  Siege Tank  
  99  8:53  Marine, SCV  
  99  8:54  SCV  
  109  9:01  Missile Turret  
  109  9:04  SCV  
  109  9:05  SCV  
  109  9:06  SCV  
  112  9:11  Marine x2  
  112  9:12  Marine  
  112  9:16  Marine  
  112  9:17  Marine x2  
  116  9:20  SCV x2  
  116  9:21  SCV  
  121  9:31  Medivac  
  123  9:32  Medivac, SCV  
  123  9:33  SCV  
  127  9:41  Refinery  
  127  9:42  Marine x5  
  127  9:44  Barracks Reactor x2  
  132  9:58  Siege Tank  
  132  9:59  Marine  
  134  10:00  Marine x2  
  134  10:02  Supply Depot  
  134  10:03  Supply Depot  
Tags
 
Add a new tag
Caveats
  • Supply blocks, unpowered buildings, or Contaminate may cause inaccurate times.
  • Supply counts are checked every 10 seconds.